 Dungeon Crawl Stone Soup version 0.28.0 (webtiles) character file.

Game seed: 14690052750130748497

51 willcat the Sneak (level 3, -1/26 HPs)
             Began as an Octopode Delver on Feb 6, 2022.
             Slain by Grinder (6 damage)
             ... on level 4 of the Dungeon.
             The game lasted 00:01:17 (726 turns).

willcat the Sneak (Octopode Delver)                  Turns: 726, Time: 00:01:18

Health: -1/26      AC:  1    Str: 11    XL:     3   Next: 83%
Magic:  3/3        EV: 14    Int: 12    God:
Gold:   0          SH:  0    Dex: 15    Spells: 1/2 levels left

rFire   . . .      SeeInvis .   a - +0 short sword
rCold   . . .      Faith    .   (no shield)
rNeg    . . .      Spirit   .   (helmet restricted)
rPois   .          Reflect  .   (no amulet)
rElec   .          Harm     .   (no ring)
rCorr   .          Rampage  .   (no ring)
Will    .....                   (no ring)
Stlth   +++++.....              (no ring)
HPRegen 0.08/turn               (no ring)
MPRegen 0.08/turn               (no ring)
                                (no ring)
                                (no ring)

@: no status effects
A: almost no armour, amphibious, 8 rings, camouflage 1, gelatinous body 1,
(nimble swimmer 1), tentacles
a: no special abilities


You were on level 4 of the Dungeon.
You visited 1 branch of the dungeon, and saw 2 of its levels.

Inventory:

Hand Weapons
 a - a +0 short sword (weapon)
Wands
 f - a wand of digging (3)
Scrolls
 b - a scroll of fog
 c - a scroll of magic mapping
 d - a scroll of fear
Potions
 e - a potion of haste


   Skills:
 - Level 3.0 Fighting
 + Level 2.8 Short Blades
 + Level 2.8 Dodging
 + Level 7.2 Stealth
 + Level 0.0 Spellcasting
 + Level 0.0 Conjurations


You had one spell level left.
You knew the following spells:

 Your Spells              Type           Power      Damage    Failure   Level
a - Magic Dart            Conj           0%         1d3       32%         1

Your spell library contained the following spells:

 Spells                   Type           Power      Damage    Failure   Level
 Call Imp                 Summ           0%         N/A       45%         2
 Mephitic Cloud           Conj/Pois/Air  0%         N/A       69%         3


Dungeon Overview and Level Annotations

Branches:
Dungeon (5/15)
 Temple: D:4-7

Altars:
Vehumet

Annotations:
D:4 Grinder, Pikel


Innate Abilities, Weirdness & Mutations

You cannot wear most types of armour.
You are amphibious.
You can wear up to eight rings at the same time.
Your skin changes colour to match your surroundings (Stealth+).
Your rubbery body absorbs attacks. (AC +1, EV +1)
((You are camouflaged when in or above water. (Stealth+)))
You have tentacles for arms and can constrict up to eight enemies at once.


Message History

There is a stone staircase leading down here.
Unknown command.
Okay, then.
Okay, then.
Grinder shouts!
Grinder blinks!
There is a stone staircase leading down here.
Grinder is nearby!
Okay, then.
Okay, then.
Unknown command.
Grinder closely misses you.
Unknown command.
You hit Grinder. You grab Grinder. You tentacle-slap Grinder.
You squeeze Grinder, but do no damage.
Grinder is lightly wounded.
You constrict Grinder. Grinder hits you.
You writhe in agony.
You barely miss Grinder.
Grinder is lightly wounded.
You constrict Grinder. Grinder gestures at you. Pain shoots through your body!
* * * LOW HITPOINT WARNING * * *
Unknown command.
It was a potion of curing.
You feel better.
You constrict Grinder, but do no damage.
Grinder gestures at you. You resist with significant effort.
Unknown command.
You hit Grinder.
Grinder is moderately wounded.
You constrict Grinder. Grinder gestures at you. Pain shoots through your body!
* * * LOW HITPOINT WARNING * * *
Unknown command.
You hit Grinder.
Grinder is moderately wounded.
You constrict Grinder. Grinder hits you.
You die...

#.# #.# #.# ####
#.# #... #.# #.##
###># #.# #...#
#.#
#5##############.#
#.@..............#
##################


You could see Grinder.

Vanquished Creatures
  A water moccasin skeleton (D:4)
  An ufetubus (D:4)
  An endoplasm (D:4)
3 creatures vanquished.

Notes
Turn   | Place    | Note
-------+----------+-------------------------------------------
     0 | D:5      | willcat the Octopode Delver began the quest for the Orb.
     0 | D:5      | Reached XP level 1. HP: 16/16 MP: 1/1
    11 | D:5      | Noticed a phantom
    59 | D:4      | Reached skill level 7 in Stealth
    59 | D:4      | Reached XP level 2. HP: 3/21 MP: 2/2
    59 | D:4      | Reached XP level 3. HP: 4/26 MP: 3/3
   250 | D:4      | Noticed an ogre
   259 | D:4      | Noticed a lemure
   261 | D:4      | Noticed Pikel
   262 | D:4      | Noticed a lemure
   263 | D:4      | Noticed a lemure
   263 | D:4      | Noticed a lemure
   266 | D:4      | Paralysed by Pikel for 3 turns
   269 | D:4      | HP: 1/26 [quokka (5)]
   287 | D:4      | Noticed a scorpion
   306 | D:4      | Found a radiant altar of Vehumet.
   312 | D:5      | Noticed a phantom
   598 | D:5      | Learned a level 1 spell: Magic Dart
   616 | D:4      | Noticed Grinder
   726 | D:4      | Slain by Grinder

Illustrated notes

Levels and vault maps discovered:
D:4:      layout_basic, mainiacjoe_overflow_brackets, eino_tiny_chamber,
          uniq_grinder, uniq_blork_the_orc, uniq_menkaure, uniq_pikel
D:5:      layout_loops_ring, minmay_misc_feat_five, uniq_prince_ribbit1

Skill      XL: |  1 |
---------------+----+-----
Stealth        | 7 |  7.2
Fighting       | |  3.0
Short Blades   | |  2.8
Dodging        | |  2.8

Action                   || total
-------------------------++-------
Melee: Short sword       ||    12
       Constrict         ||     2
       Tentacles         ||     2
       Punch             ||     1
  Use: Potion            ||     2
 Stab: Sleeping          ||     1
       Distracted        ||     1
Dodge: Dodged            ||     5
